 Dungeon Sprint DCSS version 0.17.0-56-gd8de76c (webtiles) character file.

7000000 kosy22 the Heavyweight Champion (level 27, -3/323 HPs)
             Began as a Troll Monk on Dec 6, 2015.
             Was the Champion of Makhleb.
             Killed by divine providence
             ... invoked by an accursed
              (14 damage)
             ... in the Dungeon (Sprint VIII: "Arena of Blood").
             The game lasted 00:05:24 (70 turns).

kosy22 the Heavyweight Champion (Troll Monk)          Turns: 70, Time: 00:05:24

Health: -3/323     AC:  7    Str: 36    XL:     27
Magic:  29/53      EV: 24    Int:  6    God:    Makhleb [******]
Gold:   0          SH:  0    Dex: 12    Spells: 0 memorised, 80 levels left

rFire  . . .     SeeInvis .     i - +∞ Axe of Woe
rCold  . . .     Clarity  .     a - +0 robe
rNeg   . . .     SustAt   .     (shield currently unavailable)
rPois  .         Gourm    +     (helmet restricted)
rElec  .         Spirit   .     (no cloak)
rCorr  .         Warding  .     (gloves unavailable)
rMut   .         NoTele   +     (boots unavailable)
MR     ++...                    (no amulet)
Stlth  ++++++....               j - +30 ring of slaying
                                k - +200 ring of slaying

@: very slightly contaminated, very resistant to hostile enchantments, very
stealthy
A: unfitting armour, claws 3, fast metabolism 3, gourmand, regeneration 2,
shaggy fur 1, tough skin 2
a: Minor Destruction, Lesser Servant of Makhleb, Major Destruction, Greater
Servant of Makhleb, Renounce Religion


You were in the Dungeon.
You worshipped Makhleb.
Makhleb was exalted by your worship.
You were not hungry.

You visited 1 branch

Inventory:

Hand Weapons
 i - the +∞ Axe of Woe (weapon)
   (You found it in the Dungeon)
Armour
 a - a +0 robe (worn)
Jewellery
 j - a +30 ring of slaying (right claw)
 k - a +200 ring of slaying (left claw)
Potions
 c - a potion of curing
 d - a potion of heal wounds
 e - a potion of haste
 f - 2 potions of magic
 g - a potion of berserk rage
Comestibles
 b - 2 bread rations


   Skills:
 O Level 27 Fighting
 O Level 27 Axes
 O Level 27 Throwing
 O Level 27 Armour
 O Level 27 Dodging
 O Level 27 Stealth
 O Level 27 Unarmed Combat
 O Level 27 Spellcasting
 O Level 27 Invocations


You had 80 spell levels left.
You didn't know any spells.

Dungeon Overview and Level Annotations

Branches:
Dungeon (1/1)

Altars:
Makhleb


Innate Abilities, Weirdness & Mutations

You are too large for most types of armour.
You have claws for hands.
Your metabolism is lightning-fast.
You like to eat raw meat.
You heal very quickly.
You are covered in fur (AC +1).
You have very tough skin (AC +2).


Message History

The destroyer blinks!
You hear a shout!
The accursed points at you and mumbles some strange words.
Something smites you!
You hear a shout!
The meat berserker is engulfed in roaring flames.
The meat berserker hits you with a +9 battleaxe!!
You hear a shout!
The bag of meat hits you with a +9 war axe!
* * * LOW HITPOINT WARNING * * *
The accursed gestures at you while chanting.
Something smites you!
* * * LOW HITPOINT WARNING * * *
The meat berserker is engulfed in roaring flames.
The meat berserker hits you with a +9 battleaxe!!!!
* * * LOW HITPOINT WARNING * * *
You hear a shout!
The accursed casts a spell at you. Something smites you!
You die...

### .. .. .. ..
.O# z## ###.. ....
.x ......
.W.o##O##......
...D..x.)VV...§
.....§#@#......
..§C.§OOoo.Vo.#
..D..WMXoo.....
.......MXO.2O.o
....M..z.XXXo.o
.......Xx.XxX.o
.#%....oM#..o...
#....zLo#......
.###....)))###....


You could see 4 accurseds, 2 tentacled monstrosities, a meat beast, a tyrant, 2
eight-headed meat hydras, 3 destroyers, 3 sculptors of flesh, a large bag of
meat (inner flame), 6 large abominations, 2 dreads, 5 meat berserkers, a small
abomination and 13 bags of meat.

Vanquished Creatures
  Sigmund (D)
  2 greater mummies (D)
  12 vampire knights (D)
  24 ogres (D)
  A lich (D)
  43 orcs (D)
  4 hill giants (D)
  A skeletal warrior (D)
  5 large abominations (D)
  4 small abominations (D)
  7 crawling corpses (D)
104 creatures vanquished.

Vanquished Creatures (collateral kills)
  A crawling corpse (D)
1 creature vanquished.

Vanquished Creatures (others)
  A crawling corpse (D)
1 creature vanquished.

Grand Total: 106 creatures vanquished

Notes
Turn   | Place    | Note
--------------------------------------------------------------
     0 | D        | kosy22 the Troll Monk began the quest for the Orb.
     0 | D        | Reached XP level 1. HP: 22/22 MP: 0/0
     4 | D        | Became a worshipper of Makhleb the Destroyer
     4 | D        | Reached * piety under Makhleb
     4 | D        | Reached ** piety under Makhleb
     5 | D        | Noticed a bag of meat
     6 | D        | Noticed a bag of meat
     6 | D        | Noticed a bag of meat
     8 | D        | Noticed a bag of meat
     9 | D        | Killed a bag of meat
     9 | D        | Reached skill level 12 in Fighting
     9 | D        | Reached skill level 20 in Unarmed Combat
     9 | D        | Reached XP level 2. HP: 26/49 MP: 1/1
     9 | D        | Reached XP level 3. HP: 30/57 MP: 2/2
     9 | D        | Reached XP level 4. HP: 34/66 MP: 3/3
     9 | D        | Reached XP level 5. HP: 38/74 MP: 4/4
     9 | D        | Reached XP level 6. HP: 42/83 MP: 5/5
     9 | D        | Reached XP level 7. HP: 46/91 MP: 6/6
     9 | D        | Reached XP level 8. HP: 49/98 MP: 7/7
     9 | D        | Reached XP level 9. HP: 53/106 MP: 8/8
     9 | D        | Reached XP level 10. HP: 57/115 MP: 9/9
     9 | D        | Reached XP level 11. HP: 60/123 MP: 10/10
    10 | D        | Noticed a bag of meat
    10 | D        | Noticed a bag of meat
    10 | D        | Noticed a bag of meat
    12 | D        | Noticed a meat berserker
    12 | D        | Killed a bag of meat
    12 | D        | Reached skill level 23 in Unarmed Combat
    12 | D        | Reached XP level 12. HP: 108/137 MP: 11/11
    13 | D        | Noticed a meat berserker
    13 | D        | Killed a bag of meat
    13 | D        | Reached *** piety under Makhleb
    13 | D        | Reached skill level 15 in Fighting
    13 | D        | Reached skill level 24 in Unarmed Combat
    13 | D        | Reached XP level 13. HP: 51/149 MP: 12/12
    13 | D        | Killed a bag of meat
    13 | D        | Reached skill level 15 in Dodging
    13 | D        | Reached skill level 5 in Stealth
    13 | D        | Reached skill level 26 in Unarmed Combat
    13 | D        | Reached XP level 14. HP: 54/162 MP: 13/13
    13 | D        | Noticed a bag of meat
    14 | D        | Killed a meat berserker
    14 | D        | Reached **** piety under Makhleb
    14 | D        | Reached skill level 27 in Unarmed Combat
    14 | D        | Reached XP level 15. HP: 140/179 MP: 14/14
    14 | D        | Killed a bag of meat
    14 | D        | Noticed a destroyer
    15 | D        | Noticed a meat berserker
    15 | D        | Noticed a meat berserker
    15 | D        | Killed a meat berserker
    15 | D        | Reached skill level 10 in Axes
    15 | D        | Reached XP level 16. HP: 190/201 MP: 15/15
    16 | D        | Noticed a meat berserker
    16 | D        | Noticed a bag of meat
    16 | D        | Killed a destroyer
    16 | D        | Reached XP level 17. HP: 209/218 MP: 16/16
    17 | D        | Noticed a bag of meat
    17 | D        | Noticed a meat berserker
    17 | D        | Noticed a large bag of meat
    17 | D        | Noticed a bag of meat
    18 | D        | Noticed a bag of meat
    18 | D        | Noticed a meat berserker
    18 | D        | Killed a meat berserker
    18 | D        | Reached ***** piety under Makhleb
    18 | D        | Killed a meat berserker
    18 | D        | Reached skill level 27 in Fighting
    18 | D        | Reached XP level 18. HP: 233/236 MP: 17/17
    18 | D        | Killed a bag of meat
    18 | D        | Reached skill level 27 in Dodging
    19 | D        | Noticed a bag of meat
    19 | D        | Noticed a large bag of meat
    19 | D        | Noticed a bag of meat
    19 | D        | Noticed a bag of meat
    19 | D        | Noticed a bag of meat
    20 | D        | Noticed a bag of meat
    20 | D        | Noticed a bag of meat
    20 | D        | Noticed a bag of meat
    20 | D        | Noticed a bag of meat
    21 | D        | Noticed a bag of meat
    21 | D        | Noticed a bag of meat
    21 | D        | Noticed a meat berserker
    22 | D        | Noticed a bag of meat
    23 | D        | Noticed a bag of meat
    23 | D        | Noticed a bag of meat
    23 | D        | Noticed a bag of meat
    23 | D        | Killed a meat berserker
    23 | D        | Killed a meat berserker
    23 | D        | Reached XP level 19. HP: 245/245 MP: 18/18
    24 | D        | Noticed a bag of meat
    24 | D        | Noticed a bag of meat
    24 | D        | Noticed a bag of meat
    24 | D        | Killed a bag of meat
    24 | D        | Reached ****** piety under Makhleb
    24 | D        | Reached skill level 27 in Axes
    24 | D        | Killed a bag of meat
    24 | D        | Killed a bag of meat
    25 | D        | Killed a bag of meat
    25 | D        | Killed a bag of meat
    25 | D        | Reached XP level 20. HP: 256/256 MP: 19/19
    26 | D        | Noticed a bag of meat
    26 | D        | Killed a meat berserker
    26 | D        | Killed a bag of meat
    27 | D        | Noticed a bag of meat
    28 | D        | Noticed a bag of meat
    28 | D        | Noticed a large bag of meat
    28 | D        | Killed a large bag of meat
    28 | D        | Reached skill level 27 in Stealth
    28 | D        | Killed a bag of meat
    28 | D        | Reached skill level 5 in Armour
    28 | D        | Killed a bag of meat
    28 | D        | Reached XP level 21. HP: 265/265 MP: 19/29
    29 | D        | Noticed a bag of meat
    29 | D        | Killed a bag of meat
    29 | D        | Reached skill level 10 in Armour
    29 | D        | Killed a large bag of meat
    29 | D        | Killed a bag of meat
    29 | D        | Reached skill level 10 in Spellcasting
    30 | D        | Noticed a meat berserker
    30 | D        | Noticed a bag of meat
    30 | D        | Noticed a destroyer
    30 | D        | Killed a bag of meat
    31 | D        | Noticed a destroyer
    31 | D        | Killed a bag of meat
    31 | D        | Reached skill level 15 in Throwing
    31 | D        | Killed a bag of meat
    31 | D        | Reached skill level 15 in Armour
    31 | D        | Killed a bag of meat
    32 | D        | Killed a bag of meat
    32 | D        | Reached XP level 22. HP: 275/275 MP: 19/38
    32 | D        | Killed a bag of meat
    32 | D        | Killed a bag of meat
    32 | D        | Reached skill level 15 in Spellcasting
    32 | D        | Killed a destroyer
    33 | D        | Noticed a destroyer
    33 | D        | Killed a bag of meat
    33 | D        | Killed a bag of meat
    33 | D        | Reached XP level 23. HP: 284/284 MP: 19/43
    34 | D        | Noticed a destroyer
    34 | D        | Killed a bag of meat
    34 | D        | Killed a bag of meat
    34 | D        | Killed a bag of meat
    35 | D        | Noticed a meat berserker
    36 | D        | Killed a meat berserker
    36 | D        | Reached skill level 27 in Invocations
    36 | D        | Killed a bag of meat
    37 | D        | Noticed a sculptor of flesh
    37 | D        | Noticed a destroyer
    37 | D        | Killed a bag of meat
    37 | D        | Killed a destroyer
    37 | D        | Reached skill level 27 in Throwing
    37 | D        | Reached XP level 24. HP: 295/295 MP: 20/47
    37 | D        | Killed a bag of meat
    37 | D        | Reached skill level 27 in Armour
    38 | D        | Killed a bag of meat
    38 | D        | Killed a destroyer
    39 | D        | Noticed a destroyer
    39 | D        | Killed a large bag of meat
    39 | D        | Reached skill level 27 in Spellcasting
    40 | D        | Noticed a destroyer
    40 | D        | Noticed a destroyer
    40 | D        | Noticed a meat berserker
    40 | D        | Killed a bag of meat
    40 | D        | Reached XP level 25. HP: 304/304 MP: 21/53
    41 | D        | Noticed a meat berserker
    41 | D        | Noticed a meat berserker
    41 | D        | Killed a meat berserker
    42 | D        | Noticed a bag of meat
    42 | D        | Noticed a meat berserker
    42 | D        | Killed a destroyer
    42 | D        | Killed a bag of meat
    43 | D        | Noticed a bag of meat
    43 | D        | Killed a destroyer
    44 | D        | Noticed a bag of meat
    44 | D        | Noticed a destroyer
    44 | D        | Noticed a destroyer
    44 | D        | Killed a destroyer
    44 | D        | Reached XP level 26. HP: 314/314 MP: 22/53
    45 | D        | Noticed a bag of meat
    45 | D        | Noticed a bag of meat
    45 | D        | Killed a meat berserker
    46 | D        | Noticed a meat berserker
    46 | D        | Noticed a destroyer
    46 | D        | Noticed a sculptor of flesh
    46 | D        | Noticed a bag of meat
    46 | D        | Noticed a bag of meat
    46 | D        | Noticed an accursed
    47 | D        | Noticed a meat berserker
    47 | D        | Killed a meat berserker
    47 | D        | Killed a destroyer
    48 | D        | Noticed a bag of meat
    48 | D        | Noticed a meat berserker
    49 | D        | Noticed a bag of meat
    49 | D        | Noticed a meat berserker
    49 | D        | Noticed a bag of meat
    50 | D        | Noticed an accursed
    50 | D        | Noticed a bag of meat
    50 | D        | Noticed a bag of meat
    50 | D        | Noticed a bag of meat
    50 | D        | Noticed an accursed
    50 | D        | Killed a meat berserker
    50 | D        | Reached XP level 27. HP: 204/323 MP: 23/53
    50 | D        | Killed a destroyer
    50 | D        | Killed a meat berserker
    50 | D        | Killed a sculptor of flesh
    51 | D        | Noticed a destroyer
    51 | D        | Noticed a tyrant
    52 | D        | Noticed a sculptor of flesh
    52 | D        | Noticed a bag of meat
    52 | D        | Noticed an accursed
    52 | D        | Killed a meat berserker
    52 | D        | Killed a meat berserker
    52 | D        | Killed a destroyer
    52 | D        | Killed a destroyer
    53 | D        | Killed a meat berserker
    54 | D        | Killed a bag of meat
    55 | D        | Noticed a meat berserker
    55 | D        | Noticed an accursed
    56 | D        | Noticed a dread
    56 | D        | Killed a bag of meat
    56 | D        | Killed a bag of meat
    56 | D        | Killed a meat berserker
    56 | D        | Killed a meat berserker
    57 | D        | Noticed a meat berserker
    57 | D        | Killed a bag of meat
    57 | D        | Killed a bag of meat
    57 | D        | Killed a destroyer
    58 | D        | Killed a bag of meat
    58 | D        | Killed a bag of meat
    59 | D        | Noticed a meat berserker
    59 | D        | Noticed a dread
    59 | D        | Noticed a bag of meat
    60 | D        | Noticed an accursed
    60 | D        | Killed a bag of meat
    61 | D        | Noticed a tyrant
    61 | D        | Killed a bag of meat
    61 | D        | Killed an accursed
    62 | D        | Noticed a meat berserker
    62 | D        | Killed an accursed
    62 | D        | Killed a meat berserker
    62 | D        | Killed a meat berserker
    63 | D        | Noticed a dread
    63 | D        | Noticed a bag of meat
    63 | D        | Noticed a bag of meat
    63 | D        | Noticed a bag of meat
    63 | D        | Noticed a bag of meat
    63 | D        | Noticed a meat berserker
    63 | D        | Noticed a bag of meat
    63 | D        | Noticed an eight-headed meat hydra
    63 | D        | Noticed a destroyer
    63 | D        | Noticed a sculptor of flesh
    63 | D        | Noticed an eight-headed meat hydra
    63 | D        | Noticed a meat berserker
    63 | D        | Noticed The Captor
    63 | D        | Noticed a meat berserker
    63 | D        | Noticed a large bag of meat
    64 | D        | Noticed a meat berserker
    65 | D        | Noticed a meat berserker
    66 | D        | Noticed a large bag of meat
    66 | D        | Noticed a bag of meat
    66 | D        | Noticed a meat berserker
    66 | D        | Killed a meat berserker
    67 | D        | Noticed a bag of meat
    67 | D        | Noticed a dread
    67 | D        | Killed a meat berserker
    67 | D        | Killed a meat berserker
    68 | D        | Noticed a bag of meat
    68 | D        | Noticed a bag of meat
    68 | D        | Noticed a meat beast
    68 | D        | Noticed a destroyer
    68 | D        | Killed a meat berserker
    68 | D        | Killed a large bag of meat
    69 | D        | Killed a tyrant
    69 | D        | Killed The Captor
    70 | D        | Noticed a bag of meat
    70 | D        | Noticed a meat berserker
    70 | D        | Noticed a bag of meat
    70 | D        | HP: 11/323 [meat berserker/+9 battleaxe (72)]
    70 | D        | Killed from afar by an accursed

Action                   |  1- 3 |  4- 6 |  7- 9 | 10-12 | 13-15 | 16-18 | 19-21 | 22-24 | 25-27 || total
-------------------------+-------+-------+-------+-------+-------+-------+-------+-------+-------++-------
Melee: Executioner's axe |     1 |       |       |     2 |     2 |     3 |     8 |     7 |    21 ||    44
Invok: Greater Servant o |       |       |       |       |       |       |       |     1 |     2 ||     3
       Major Destruction |       |       |       |       |       |       |       |       |     1 ||     1
  Use: Scroll            |       |       |       |       |       |       |       |       |     1 ||     1
